 Dungeon Crawl Stone Soup version 0.28-a0-919-g0b5b508569 (webtiles) character file.

Game seed: 12109196970476915094

94506 lunkers the Warrior (level 16, -1/162 HPs)
             Began as a Kobold Delver on Nov 24, 2021.
             Was an Initiate of Gozag.
             Succumbed to a guardian serpent's bolt of poison
             ... on level 2 of the Snake Pit on Nov 25, 2021.
             The game lasted 01:10:50 (30831 turns).

lunkers the Warrior (Kobold Delver)                Turns: 30831, Time: 01:10:51

Health: -1/162     AC: 17    Str: 11    XL:     16   Next: 60%
Magic:  0/16       EV: 20    Int: 22    God:    Gozag
Gold:   2961       SH: 15    Dex: 21    Spells: 11/15 levels left

rFire   + . .      SeeInvis .   b - +9 demon blade (venom)
rCold   . . .      Faith    .   I - +0 buckler
rNeg    . . .      Spirit   +   U - +2 ring mail {Will+}
rPois   .          Reflect  .   X - +0 helmet "Udoqocir" {Will+ Dex+4}
rElec   +          Harm     .   F - +2 cloak {Will+}
rCorr   .          Rampage  .   O - +0 pair of gloves {Stlth+}
Will    ++++.                   C - +0 pair of boots
Stlth   ..........              Z - brooch of Shielding {Spirit SH+8}
HPRegen 0.37/turn               N - +4 ring of protection
MPRegen 0.15/turn               G - ring "Ilet" {rElec rF+ Int+6}

@: berserking, lethally poisoned (-1 -> -20), gold aura, constricted, very quick
A: small, no large weapons, nightstalker 3
a: Renounce Religion, Potion Petition, Call Merchant, Bribe Branch


You were on level 2 of the Snake Pit.
You worshipped Gozag.
Gozag was most pleased with you.
You visited 5 branches of the dungeon, and saw 23 of its levels.
You visited 1 bazaar.

You collected 7808 gold pieces.
You spent 4722 gold pieces at shops.
You paid 125 gold pieces to Gozag.

Inventory:

Hand Weapons
 a - a +3 dagger of venom
 b - a +9 demon blade of venom (weapon)
 K - a +3 scimitar of flaming
Missiles
 e - 5 atropa-tipped darts
 s - 16 poisoned darts (quivered)
 y - 3 throwing nets
 L - 11 curare-tipped darts
Armour
 t - +1 steam dragon scales
 C - a +0 pair of boots (worn)
 F - a +2 cloak of willpower (worn)
 I - a +0 buckler (worn)
 O - a +0 pair of gloves of stealth (worn)
 U - a +2 ring mail of willpower (worn)
 X - the +0 helmet "Udoqocir" (worn) {Will+ Dex+4}
   (You bought it in a shop on level 2 of the Orcish Mines)

   Dex:       It affects your dexterity (+4).
   Will:      It increases your willpower.
Jewellery
 m - an amulet of regeneration
 A - the ring of Hiedod {rC+ Will+ Str+2}
   (You found it on level 10 of the Dungeon)

   [ring of protection from cold]

   Str:       It affects your strength (+2).
   rC:        It protects you from cold.
   Will:      It increases your willpower.
 G - the ring "Ilet" (right hand) {rElec rF+ Int+6}
   (You bought it in a shop on level 2 of the Orcish Mines)

   [ring of intelligence]

   Int:       It affects your intelligence (+6).
   rF:        It protects you from fire.
   rElec:     It insulates you from electricity.
 N - a +4 ring of protection (left hand)
 P - a ring of fire
 R - a ring of positive energy
 Z - the brooch of Shielding (around neck) {Spirit SH+8}
   (You bought it in a shop on level 2 of the Orcish Mines)

   [amulet of guardian spirit]

   It causes incoming damage to be divided between your reserves of health and
   magic.
   SH:        It affects your SH (+8).
Wands
 g - a wand of digging (7)
 u - a wand of paralysis (13)
 D - a wand of flame (54)
 J - a wand of polymorph (4)
 S - a wand of acid (11)
 T - a wand of iceblast (4)
Scrolls
 c - 6 scrolls of fog
 d - 4 scrolls of magic mapping
 h - 6 scrolls of teleportation
 j - a scroll of identify
 r - a scroll of fear
 M - 3 scrolls of holy word
 Q - 2 scrolls of enchant armour
 V - 4 scrolls of amnesia
 Y - a scroll of blinking
Potions
 f - 2 potions of haste
 i - 3 potions of mutation
 k - 2 potions of cancellation
 n - 4 potions of berserk rage
 o - 2 potions of attraction
 p - 10 potions of heal wounds
 q - a potion of brilliance
 w - a potion of resistance
 x - 7 potions of curing
 z - a potion of ambrosia
 B - 2 potions of lignification
 E - 2 potions of flight
 H - 2 potions of might
 W - a potion of invisibility
Miscellaneous
 l - a box of beasts
 v - a lightning rod (4/4)


   Skills:
 + Level 15.0 Fighting
 - Level 8.0(15.3) Short Blades
 - Level 13.6(14.0) Long Blades
 - Level 4.0 Throwing
 + Level 1.6 Armour
 + Level 15.0 Dodging
 - Level 12.0 Stealth
 - Level 5.6 Shields
 - Level 0.5 Translocations
 + Level 10.8 Evocations


You had 11 spell levels left.
You knew the following spells:

 Your Spells              Type           Power      Damage    Failure   Level
b - Passwall              Tmut/Erth      0%         N/A       52%         2
c - Blink                 Tloc           4%         N/A       43%         2

Your spell library contained the following spells:

 Spells                   Type           Power      Damage    Failure   Level
 Apportation              Tloc           4%         N/A       32%         1
 Animate Skeleton         Necr           0%         N/A       36%         1
 Foxfire                  Conj/Fire      0%         2x1d4     36%         1
 Pain                     Necr           0%         1d4       36%         1
 Sandblast                Erth           0%         2d4       36%         1
 Static Discharge         Conj/Air       0%         N/A       52%         2
 Gell's Gravitas          Tloc           2%         N/A       67%         3
 Lesser Beckoning         Tloc           2%         N/A       67%         3
 Teleport Other           Tloc           2%         N/A       67%         3
 Conjure Flame            Conj/Fire      0%         6-21      75%         3
 Inner Flame              Hex/Fire       0%         N/A       75%         3
 Stone Arrow              Conj/Erth      0%         3d7       75%         3
 Vampiric Draining        Necr           0%         2d6       75%         3
 Passage of Golubria      Tloc           2%         N/A       97%         4
 Dispel Undead            Necr           0%         3d6       98%         4
 Flame Wave               Conj/Fire      0%         3d3       98%         4
 Sticky Flame             Conj/Fire      0%         2d3       98%         4
 Alistair's Intoxication  Tmut/Pois      0%         N/A       100%        5
 Manifold Assault         Tloc           2%         N/A       100%        5
 Silence                  Hex/Air        0%         N/A       100%        5
 Dispersal                Tloc           1%         N/A       100%        6
 Disjunction              Tloc           1%         N/A       100%        8
 Lehudib's Crystal Spear  Conj/Erth      0%         10d2      100%        8


Dungeon Overview and Level Annotations

Branches:
Dungeon (12/15)            Temple (1/1) D:6            Lair (6/6) D:9
  Swamp (0/4) Lair:2        Snake (2/4) Lair:3        Slime (0/5) Lair:5
    Orc (2/2) D:9             Elf (0/3) Orc:2

Altars:
Ashenzari
Cheibriados
Dithmenos
Elyvilon
Fedhas
Gozag
Hepliaklqana
Kikubaaqudgha
Makhleb
Nemelex Xobeh
Okawaru
Qazlal
Ru
Sif Muna
Trog
Uskayaw
Vehumet
Wu Jian
Xom
Yredelemnul
Zin
The Shining One
Beogh
Jiyva

Shops:
D:1 [   D:10 *   Orc:2 (!(=[

Portals:
Trove: D:11 (give 6 scrolls of blinking)

Annotations:
D:5 1 runed translucent door, horus123's ghost, novice HuMo
Lair:6 exclusion: door


Innate Abilities, Weirdness & Mutations

You are small and have problems with some larger weapons.
You are completely attuned to the shadows.


Message History

The guardian serpent is severely wounded.
You feel very sick.
The naga warrior roars a battlecry!
The naga warrior goes into a battle-frenzy!
The naga warrior constricts you.
* * * LOW HITPOINT WARNING * * *
You barely miss the guardian serpent.
The guardian serpent is severely wounded.
You feel very sick. The black mamba closely misses you.
You block the guardian serpent's attack.
You block the naga's attack. The naga completely misses you.
The naga warrior spits poison at you. You block the splash of poison.
Unknown command.
Unknown command.
Unknown command.
You slice the guardian serpent!!
You kill the guardian serpent!
You feel sick. The black mamba barely misses you.
You block the naga warrior's attack. The naga warrior constricts you.
Unknown command.
Unknown command.
The naga warrior blocks your attack.
You feel sick. The naga spits poison at you. The splash of poison misses you.
The splash of poison hits the naga.
Unknown command.
Unknown command.
You slash the naga warrior!
The naga warrior is lightly wounded.
You feel sick. The black mamba closely misses you.
The naga hits you with a +0 halberd!!
* * * LOW HITPOINT WARNING * * *
The naga warrior hits you with a +0 flail!!
* * * LOW MAGIC WARNING * * *
* * * LOW HITPOINT WARNING * * *
You slice the naga warrior!!
The naga warrior is heavily wounded.
You die...
Your body crumbles into a pile of gold.

.........# .........<
........# ..........
........# ..........
.......## .##.......
.......# .......
##...... ......##..
#..... ####......
.....###.. ##....
###.........
..........
#..$.#####.......####
..........
$...N@N...............
..........
...NNS...............
..........
.....................
..........
#....................
.........
#....................
.........
.....>..............
.........
....................
.........
....#..............
.........
....#..............


You could see 2 naga warriors, a black mamba and 2 nagas.

Vanquished Creatures
  Saint Roka (Orc:2)
  Jorgrun (D:12)
  An ettin (Orc:1)
  5 hydras
  2 boulder beetles
  Harold (D:11)
  4 anacondas
  5 naga warriors
  A centaur warrior (D:12)
  Erica (D:8)
  A two-headed ogre (Orc:2)
  7 death yaks
  4 orc high priests
  2 shock serpents (Snake:1)
  Urug (Lair:3)
  3 naga sharpshooters
  5 orc knights
  A necromancer (Lair:6)
  An ugly thing (D:11)
  3 mana vipers
  A cyclops (D:10)
  7 orc sorcerers (Orc:2)
  2 salamanders (Snake:1)
  A manticore (Lair:4)
  17 elephants
  A deep elf pyromancer (D:12)
  Maurice (Orc:1)
  13 black mambas
  A smoke demon (Lair:6)
  5 naga magi
  3 gargoyles (D:12)
  11 cane toads
  Psyche (D:11)
  2 torpor snails
  2 guardian serpents (Snake:2)
  7 komodo dragons
  A kobold demonologist (D:8)
  8 rime drakes
  2 polar bears (Lair:6)
  10 trolls
  8 dream sheep
  35 blink frogs
  A tyrant leech (Lair:2)
  A spriggan (Lair:1)
  A shadow (D:12)
  50 yaks
  A vampire (D:7)
  6 wyverns
  2 ynoxinuls
  14 basilisks
  2 vampire mosquitoes (D:12)
  3 small abominations (Lair:6)
  A swamp worm (Lair:2)
  Menkaure (D:5)
  A warg (Orc:1)
  2 acid dragons
  17 nagas
  14 water moccasins
  3 ice beasts
  37 orc warriors
  2 sky beasts
  13 ogres
  A black bear (Lair:2)
  A wolf (Lair:1)
  5 centaurs
  14 kobold brigands
  9 bullfrogs
  2 gnoll sergeants
  3 scorpions
  2 water moccasin zombies
  31 killer bees
  7 wights
  15 electric eels
  3 howler monkeys
  A bullfrog zombie (D:5)
  2 centaur zombies
  2 centaur skeletons
  A jelly (D:4)
  18 orc priests
  2 gnoll shamans
  A hound (D:6)
  A bullfrog skeleton (D:6)
  5 hell rats (Lair:4)
  38 orc wizards
  Terence (D:2)
  2 polar bear simulacra (Lair:6)
  A killer bee zombie (D:5)
  2 hound skeletons
  2 mummies
  Robin (D:2)
  10 adders
  22 gnolls
  A howler monkey skeleton (D:7)
  2 shadow imps
  2 ufetubi
  An adder skeleton (D:4)
  A worm (D:2)
  3 dart slugs
  102 orcs
  6 bats
  2 endoplasms
  2 giant cockroaches
  13 goblins
  9 hobgoblins
  8 jackals
  11 kobolds
  5 quokkas
  8 ball pythons
  8 frilled lizards
  2 goblin zombies (D:4)
  12 rats
764 creatures vanquished.

Vanquished Creatures (collateral kills)
  Fannar (Lair:3)
  A wyvern (D:7)
  A jelly (D:7)
  2 white imps (D:7)
5 creatures vanquished.

Vanquished Creatures (others)
  An orc priest (Orc:2)
  3 orcs
  48 fungi
  64 plants
116 creatures vanquished.

Grand Total: 885 creatures vanquished

Notes
Turn   | Place    | Note
-------+----------+-------------------------------------------
     0 | D:5      | lunkers the Kobold Delver began the quest for the Orb.
     0 | D:5      | Reached XP level 1. HP: 14/14 MP: 1/1
    10 | D:5      | Found a runed translucent door.
    10 | D:5      | Noticed horus123's ghost (novice HuMo)
    46 | D:4      | Reached XP level 2. HP: 19/19 MP: 2/2
   140 | D:4      | Reached XP level 3. HP: 10/23 MP: 3/3
   583 | D:4      | HP: 1/24 [acid (5)]
   585 | D:4      | Reached XP level 4. HP: 1/29 MP: 4/4
  1231 | D:4      | Reached XP level 5. HP: 31/33 MP: 5/5
  1289 | D:3      | Reached skill level 5 in Short Blades
  1604 | D:1      | Found a faded altar of an unknown god.
  1710 | D:1      | Found Luaruz's Armour Shoppe.
  2137 | D:2      | Reached XP level 6. HP: 39/39 MP: 6/6
  2143 | D:2      | Noticed Terence
  2172 | D:2      | Killed Terence
  2248 | D:2      | Noticed Robin
  2253 | D:2      | Killed Robin
  3231 | D:4      | Noticed an ice beast
  3252 | D:4      | Killed an ice beast
  3253 | D:4      | Reached skill level 5 in Fighting
  3253 | D:4      | Reached XP level 7. HP: 36/44 MP: 7/7
  4074 | D:5      | Found a sparkling altar of Nemelex Xobeh.
  4111 | D:5      | Reached XP level 8. HP: 50/50 MP: 8/8
  4278 | D:5      | Noticed Menkaure
  4282 | D:5      | Killed Menkaure
  4387 | D:5      | Found a stormy altar of Qazlal.
  4633 | D:5      | Reached skill level 10 in Stealth
  5115 | D:6      | Found a staircase to the Ecumenical Temple.
  5135 | D:6      | Reached XP level 9. HP: 57/57 MP: 9/9
  5150 | Temple   | Entered the Ecumenical Temple
  5418 | Temple   | Became a worshipper of Gozag Ym Sagoz the Greedy
  5461 | D:6      | Reached skill level 5 in Dodging
  5587 | D:6      | Found a hazy altar of Hepliaklqana.
  5588 | D:6      | Found a shadowy altar of Dithmenos.
  5693 | D:6      | Found a glowing silver altar of Zin.
  6257 | D:7      | Reached XP level 10. HP: 66/66 MP: 10/10
  6425 | D:7      | Found a white marble altar of Elyvilon.
  6596 | D:7      | Found a shimmering altar of Xom.
  6885 | D:7      | Reached skill level 10 in Fighting
  7301 | D:7      | Found an iron altar of Okawaru.
  7321 | D:7      | Found an ornate altar of the Wu Jian Council.
  7787 | D:8      | Noticed Erica
  7791 | D:8      | Killed Erica
  7825 | D:8      | Reached skill level 10 in Dodging
  7929 | D:7      | Reached XP level 11. HP: 56/68 MP: 11/11
  8385 | D:8      | Reached skill level 1 in Long Blades
  8513 | D:8      | Found a snail-covered altar of Cheibriados.
  8926 | D:9      | Found a shimmering blue altar of Sif Muna.
  8935 | D:9      | Found a bloodstained altar of Trog.
  8979 | D:9      | Found a basalt altar of Yredelemnul.
  9022 | D:9      | Learned a level 2 spell: Passwall
  9025 | D:9      | Learned a level 2 spell: Blink
  9126 | D:9      | Reached skill level 5 in Long Blades
  9743 | D:9      | Found a staircase to the Lair.
  9905 | D:9      | Reached skill level 1 in Shields
  9932 | D:9      | Found a staircase to the Orcish Mines.
 10035 | D:9      | Reached XP level 12. HP: 80/80 MP: 12/12
 10490 | Lair:1   | Entered Level 1 of the Lair of Beasts
 12082 | Lair:2   | Found a staircase to the Swamp.
 12839 | Lair:3   | Noticed Fannar
 12969 | Lair:2   | Reached XP level 13. HP: 84/84 MP: 13/13
 13053 | Lair:3   | Killed Fannar
 13054 | Lair:3   | Reached skill level 5 in Shields
 13127 | Lair:3   | Found a shimmering altar of Xom.
 13328 | Lair:3   | Reached skill level 1 in Evocations
 13378 | Lair:3   | Reached skill level 10 in Long Blades
 13931 | Lair:3   | Found a staircase to the Snake Pit.
 14050 | Lair:3   | Noticed Urug
 14067 | Lair:3   | Killed Urug
 14433 | Lair:3   | Noticed a four-headed hydra
 14446 | Lair:3   | Killed a one-headed hydra
 14780 | Lair:4   | Noticed a boulder beetle
 14795 | Lair:4   | Killed a boulder beetle
 15578 | Lair:4   | Reached skill level 1 in Throwing
 16118 | Lair:4   | Reached XP level 14. HP: 81/92 MP: 14/14
 16180 | Lair:4   | Reached skill level 5 in Evocations
 17448 | Lair:5   | Found a staircase to the Slime Pits.
 17449 | Lair:5   | Found a viscous altar of Jiyva.
 18101 | Lair:6   | Entered Level 6 of the Lair of Beasts
 19602 | Lair:6   | Reached XP level 15. HP: 99/99 MP: 15/15
 19880 | Orc:1    | Entered Level 1 of the Orcish Mines
 19949 | Orc:1    | Noticed Maurice
 20088 | Orc:1    | Killed Maurice
 20664 | Orc:2    | Entered Level 2 of the Orcish Mines
 20681 | Orc:2    | Found a staircase to the Elven Halls.
 20895 | Orc:2    | Noticed Saint Roka
 21088 | Orc:2    | Killed Saint Roka
 22051 | Orc:2    | Found Geimur's Weapon Shoppe.
 22799 | Orc:2    | Found Wizoshoff's Antique Armour Emporium.
 22799 | Orc:2    | Found Refufuxi's Distillery.
 22816 | Orc:2    | Found Mim Ronn's Jewellery Emporium.
 22816 | Orc:2    | Found Noan's Weapon Boutique.
 22832 | Orc:2    | Bought a faintly humming helmet for 247 gold pieces
 22832 | Orc:2    | Identified the +0 helmet "Udoqocir" {Will+ Dex+4} (You
                  | bought it in a shop on level 2 of the Orcish Mines)
 22842 | Orc:2    | Bought a distressingly furry ring mail for 234 gold pieces
 22842 | Orc:2    | Identified the +1 ring mail of Abstinence {Slay+2} (You
                  | bought it in a shop on level 2 of the Orcish Mines)
 22846 | Orc:2    | Bought the brooch of Shielding {Spirit SH+8} for 831 gold
                  | pieces
 22846 | Orc:2    | Found the brooch of Shielding {Spirit SH+8}
 22857 | Orc:2    | Bought the ring "Ilet" {rElec rF+ Int+6} for 1113 gold
                  | pieces
 22862 | Orc:2    | Bought a potion of haste for 160 gold pieces
 22862 | Orc:2    | Bought a potion of heal wounds for 80 gold pieces
 22862 | Orc:2    | Bought a potion of might for 64 gold pieces
 22862 | Orc:2    | Bought 2 potions of heal wounds for 160 gold pieces
 22862 | Orc:2    | Bought a potion of heal wounds for 80 gold pieces
 23115 | D:10     | Entered Level 10 of the Dungeon
 23185 | D:10     | Identified the ring of Hiedod {rC+ Will+ Str+2}
 23389 | D:10     | Found Tioraapel's Assorted Antiques.
 23394 | D:10     | Bought a pair of warped gloves for 304 gold pieces
 23394 | D:10     | Identified the +1 pair of gloves "Ytuwn" {rPois Will-
                  | Int+4} (You bought it in a shop on level 10 of the Dungeon)
 24220 | D:11     | Noticed Psyche
 24361 | D:10     | Bought a pair of runed gloves for 240 gold pieces
 24372 | D:10     | Bought an embroidered cloak for 240 gold pieces
 24536 | Orc:2    | Bought a smoking leather armour for 182 gold pieces
 24536 | Orc:2    | Identified the +3 leather armour of Ethereal Lucidity {Harm
                  | *Slow Str+2} (You bought it in a shop on level 2 of the
                  | Orcish Mines)
 25105 | D:11     | Noticed Harold
 25114 | D:11     | Killed Harold
 25166 | D:11     | Killed Psyche
 25445 | D:11     | Found a portal to a secret trove of treasure.
 25690 | Snake:1  | Entered Level 1 of the Snake Pit
 25690 | Snake:1  | Found a flickering gateway to a bazaar.
 25695 | Bazaar   | Entered a bazaar
 25697 | Bazaar   | Found Duhelod's Assorted Antiques.
 25702 | Bazaar   | Bought a bubbling puce potion for 19 gold pieces
 25702 | Bazaar   | Bought a scroll of teleportation for 66 gold pieces
 25710 | Bazaar   | Found Zeikug's General Store.
 25715 | Bazaar   | Bought a potion of curing for 36 gold pieces
 25715 | Bazaar   | Bought a potion of heal wounds for 60 gold pieces
 25715 | Bazaar   | Bought a scroll of blinking for 90 gold pieces
 25715 | Bazaar   | Bought a +4 demon blade of venom for 480 gold pieces
 25715 | Bazaar   | Bought a scroll of teleportation for 36 gold pieces
 25730 | Bazaar   | Found Onocs's Book Shop.
 25769 | Bazaar   | Found Kiotwokh's Antique Armour Boutique.
 25781 | Bazaar   | Upgraded the game from 0.28-a0-906-g0406aca7d3 to
                  | 0.28-a0-919-g0b5b508569
 26303 | Snake:1  | Reached XP level 16. HP: 107/107 MP: 16/16
 26880 | Lair:3   | HP: 3/107 [poisoned by a naga mage (splash of poison)]
 28893 | D:12     | Noticed Jorgrun
 28903 | D:12     | Killed Jorgrun
 28904 | D:12     | Reached skill level 10 in Evocations
 29625 | D:12     | Found a snail-covered altar of Cheibriados.
 30449 | Snake:2  | Reached skill level 1 in Armour
 30458 | Snake:2  | Reached skill level 15 in Fighting
 30713 | Snake:2  | Reached skill level 15 in Dodging
 30830 | Snake:2  | HP: 1/162 [naga warrior (22)]
 30831 | Snake:2  | Succumbed to a guardian serpent's bolt of poison

Illustrated notes

Levels and vault maps discovered:
D:1:      nzn_arrival_water_spiral, layout_rooms, serial_shops, shop,
          hellmonk_ecumenical_altar_arch_garden, minmay_pentomino_q4
D:2:      layout_rooms, uniq_robin, uniq_terence
D:3:      layout_rooms
D:4:      layout_basic, nicolae_ossuary_entry_giza, hex_intersection,
          eino_small_chamber_without_monster
D:5:      layout_layer_cave, nicolae_qazlal_scattered_showers,
          mainiacjoe_overflow_cross_hatched, hellmonk_ghost_happy_afterlife,
          uniq_menkaure
D:6:      layout_gridville, mainiacjoe_overflow_paths,
          riverfiend_overflow_shadow_ancestor, minmay_temple_entry_trees
D:7:      layout_loops_ring, okawaru_gym_becter, xom_confusion_cloud,
          nzn_wu_jian_contemplation, elyvilon_altar_5, water_boxes_lemuel
D:8:      layout_rooms, mainiacjoe_overflow_boulevard, serial_corexii_hall,
          chequers_hall_statues_y, corexii_hall_statues_i, special_room
          [special_room_kobold], uniq_erica
D:9:      layout_cave_pods, nzn_overflow_gifts_of_might_and_magic,
          yredelemnul_altar_generic, grunt_lair_entry_orc_guard_hut, erik_orc_2
D:10:     layout_basic, serial_shops, shop
D:11:     layout_roguey, enter_trove_6, chequers_serial_rivers_marsh,
          uniq_psyche, uniq_harold
D:12:     layout_cave_pools, slow_altar_2, uniq_jorgrun
Temple:   jpeg_temple_island
Lair:1:   layout_regular_city, chequers_serial_rivers_small_3, minivault_11,
          grunt_forest_large_clearing_hut
Lair:2:   layout_misc_corridors, minmay_swamp_entry_worms, serial_bayou_shore_b,
          infiniplex_staircase_pool_2
Lair:3:   layout_cave_pods, guppyfry_snake_entry_garden, serial_bayou,
          serial_bayou_lake_a, serial_bayou_pond_e, serial_bayou_pond_a,
          serial_bayou_shore_b, basic_altar, grunt_megastairs_3, uniq_urug,
          uniq_fannar
Lair:4:   layout_small_grid, special_room [special_room_mythical_zoo],
          serial_bayou_shore_b
Lair:5:   layout_roguey, slime_altar_1, serial_bayou_shore_a,
          serial_bayou_shore_b
Lair:6:   hellmonk_lair_end_abyssal_woods, layout_layer_cave,
          eino_house_with_fridge, grunt_megastairs_4
Snake:1:  layout_misc_corridors, serial_shops, bzr_entry_water
Snake:2:  layout_onion
Orc:1:    layout_diamond_mine, basic_altar, nicolae_orc_tapped_out, uniq_maurice
Orc:2:    grunt_orc_tribal_feast, layout_caves, serial_shops,
          nicolae_diamond_shop, uniq_saint_roka

Skill      XL: |  1  2  3  4  5  6  7  8  9 10 11 12 13 14 15 16 |
---------------+-------------------------------------------------+-----
Short Blades   | 3 4 5 6 8 |  8.0
Stealth        | 7 8 9 10 11 12 | 12.0
Fighting       | 4 5 7 9 11 12 13 14 15 | 15.0
Dodging        | 4 7 10 11 13 14 15 | 15.0
Long Blades    | 6 9 11 12 13 | 13.6
Shields        | 1 4 5 |  5.6
Evocations     | 4 7 9 10 | 10.8
Throwing       | 2 4 |  4.0
Armour         | 1 |  1.6
Translocations | |  0.5

Action                   |  1- 3 |  4- 6 |  7- 9 | 10-12 | 13-15 | 16-18 || total
-------------------------+-------+-------+-------+-------+-------+-------++-------
Melee: Short sword       |    34 |   187 |       |       |       |       ||   221
       Dagger            |       |    73 |   300 |  1290 |  1037 |       ||  2700
       Scimitar          |       |       |       |   182 |  1080 |       ||  1262
       Demon blade       |       |       |       |       |    55 |   315 ||   370
Throw: Dart              |     4 |    52 |    12 |    85 |   201 |    13 ||   367
 Cast: Passwall          |       |       |       |       |     1 |       ||     1
       Blink             |       |       |       |       |     1 |       ||     1
Evoke: Wand              |       |       |       |     2 |    24 |       ||    26
       Box of beasts     |       |       |       |     1 |     2 |       ||     3
  Use: Scroll            |     1 |     7 |     5 |     6 |    17 |     1 ||    37
       Potion            |       |       |       |     3 |     3 |     3 ||     9
 Stab: Sleeping          |     2 |    26 |    18 |    27 |    32 |    12 ||   117
       Distracted        |     1 |     2 |     3 |     6 |     9 |     3 ||    24
       Invisible         |     1 |     2 |       |       |     4 |       ||     7
       Paralysed         |       |       |       |       |     6 |       ||     6
Armor: Leather armour    |     4 |    14 |       |       |       |       ||    18
       Steam dragon scal |       |    37 |    48 |   204 |   130 |       ||   419
       Ring mail         |       |       |       |       |   300 |    40 ||   340
       Skin              |       |       |       |       |       |    13 ||    13
Dodge: Dodged            |    27 |   201 |   161 |   991 |  1315 |   183 ||  2878
Block: Buckler           |       |       |       |   169 |   691 |   238 ||  1098

Table legend: (Time is in decaauts)
 A = Elapsed time spent in this place.
 B = Non-inter-level travel time spent in this place.
 C = Inter-level travel time spent in this place.
 D = Time resting spent in this place.
 E = Time spent auto-exploring this place.
 F = Levels seen in this place.
 G = Mean time per level.
                   A        B        C        D        E       F      G
               +--------+--------+--------+--------+--------+-----+--------+
         Total |  29459 |  27781 |   1678 |   1728 |  18208 |  24 | 1227.5 |
       Dungeon |  13498 |  12688 |    810 |    124 |   8940 |  12 | 1124.8 |
        Temple |    313 |    279 |     34 |      0 |    261 |   1 |  313.0 |
          Lair |  10205 |   9690 |    515 |   1358 |   5949 |   6 | 1700.8 |
     Snake Pit |   2235 |   2146 |     89 |      0 |   1699 |   2 | 1117.5 |
  Orcish Mines |   3108 |   2879 |    229 |    246 |   1294 |   2 | 1554.0 |
        Bazaar |     98 |     98 |      0 |      0 |     65 |   1 |   98.0 |
               +--------+--------+--------+--------+--------+-----+--------+

Top non-repeatable levels by time:
  Lair:3: 3203 daAuts
  Lair:4: 2148 daAuts
     D:9: 1979 daAuts
     D:4: 1947 daAuts
   Orc:2: 1873 daAuts
     D:7: 1424 daAuts
 Snake:1: 1409 daAuts
  Lair:6: 1402 daAuts
    D:10: 1374 daAuts
  Lair:2: 1251 daAuts
   Orc:1: 1235 daAuts
     D:8: 1188 daAuts
  Lair:1: 1140 daAuts
  Lair:5: 1059 daAuts
     D:5: 1012 daAuts
